 Dungeon Sprint DCSS version 0.31.0-12-g77e489cdc1 (webtiles) character file.

Game seed: 5217972912379051496

2300000 Kallu the Axe Maniac (level 18, -1/167 HPs)
             Began as a Djinni Warper on Feb 15, 2024.
             Was the Champion of Makhleb.
             Slain by a meat berserker
             ... wielding a +9 battleaxe
              (49 damage)
             ... in the Dungeon (Sprint VIII: "Arena of Blood").
             The game lasted 00:01:18 (23 turns).

Kallu the Axe Maniac (Djinni Warper)                  Turns: 23, Time: 00:01:19

Health: -1/167     AC:  3    Str: 10    XL:     18   Next: 46%
Gold:   0          EV: 19    Int: 15    God:    Makhleb [******] SH:  0 Dex: 21

rFire   + + .        h - +∞ Axe of Woe
rCold   x . .        (shield currently unavailable)
rNeg    . . .        a - +0 leather armour
rPois   ∞            (no helmet)
rElec   .            (no cloak)
rCorr   .            (no gloves)
SInv    .            (boots unavailable)
Will    +....        (no amulet)
Stlth   ++           (no ring)
HPRegen 0.47/turn    (no ring)
MPRegen 0.00/turn

%: no teleportation, infuse magic (-2 HP)
@: death channelling, flying
A: sickness immunity, fire resistance 2, cold vulnerability 1, float, innate
caster, HP casting, extra vitality 1
a: Renounce Religion, Minor Destruction, Lesser Servant of Makhleb, Major
Destruction, Greater Servant of Makhleb


You were in the Dungeon.
You worshipped Makhleb.
Makhleb was exalted by your worship.
You visited 1 branch

Inventory:

Hand Weapons
 h - the +∞ Axe of Woe (weapon)
   (You found it in the Dungeon)
Missiles
 c - 7 darts of dispersal (quivered)
Armour
 a - a +0 leather armour (worn)
Scrolls
 b - 2 scrolls of blinking
Potions
 d - a potion of curing
 e - a potion of heal wounds
 f - a potion of haste
 g - a potion of berserk rage


   Skills:
 O Level 27 Fighting
 O Level 27 Axes
 + Level 3.3 Throwing
 + Level 7.1 Armour
 + Level 10.3 Dodging
 + Level 10.3 Unarmed Combat
 O Level 27 Spellcasting
 O Level 27 Conjurations
 O Level 27 Hexes
 O Level 27 Summonings
 O Level 27 Necromancy
 O Level 27 Translocations
 O Level 27 Fire Magic
 O Level 27 Ice Magic
 O Level 27 Air Magic
 O Level 27 Earth Magic
 O Level 27 Alchemy


You knew the following spells:

 Your Spells              Type           Power      Damage    Failure   Level
a - Blink                 Tloc           100%       N/A       0%          2
b - Lesser Beckoning      Tloc           100%       N/A       0%          2
c - Teleport Other        Tloc           79%        N/A       0%          3
d - Manifold Assault      Tloc           79%        N/A       0%          4
e - Vhi's Electric Charg  Tloc/Air       100%       N/A       0%          4
f - Freeze                Ice            100%       1d10      0%          1
g - Call Imp              Summ           100%       N/A       0%          2
h - Fugue of the Fallen   Necr           79%        N/A       0%          3
i - Olgreb's Toxic Radia  Alch           79%        N/A       0%          4
j - Animate Dead          Necr           79%        N/A       0%          4
k - Silence               Hex/Air        39%        N/A       0%          5
l - Death Channel         Necr           39%        N/A       0%          6
m - Starburst             Conj/Fire      39%        6d11      0%          6
Your spell library was empty.

Dungeon Overview and Level Annotations

Branches:
Dungeon (1/1)

Altars:
Makhleb


Innate Abilities, Weirdness & Mutations

You are immune to sickness and miasma.
You are immune to poison.
Your flesh is very heat resistant. (rF++)
You are vulnerable to cold. (rC-)
You float through the air rather than walking.
You learn spells naturally, not from books.
Your magical power is your life essence.
You have superior vitality. (+4 MHP)


Message History

Makhleb accepts your kill.
You feel better.
You slice the bag of meat!!
You fatally mangle the bag of meat.
You kill the bag of meat!
Makhleb accepts your kill.
You feel better.
You slice the meat berserker!!
You chop the meat berserker into pieces.
You kill the meat berserker!
Makhleb accepts your kill.
You feel better.
A glowing mist starts to gather... x3
A meat berserker comes into view. It is wielding a +9 battleaxe.
The bag of meat hits your spectral large bag of meat with a +9 war axe!!
The bag of meat hits your spectral bag of meat with a +9 war axe!!
Your spectral bag of meat is destroyed!
Your spectral bag of meat hits the large bag of meat.
Flame seeps out of the large bag of meat.
The bag of meat is engulfed in blazing flames.
Your spectral bag of meat hits the meat berserker.
Your spectral bag of meat is engulfed in blazing flames.
A meat berserker comes into view. It is wielding a +9 battleaxe.
The bag of meat hits your spectral bag of meat with a +9 war axe!! x2
The bag of meat hits your spectral bag of meat with a +9 war axe!!!
The large bag of meat is engulfed in blazing flames.
The large bag of meat hits your spectral bag of meat with a +9 giant spiked club!!
The large bag of meat hits your spectral bag of meat with a +9 giant spiked club!!!!
Your spectral bag of meat is destroyed!
The bag of meat hits your spectral meat berserker with a +9 war axe!!
The bag of meat hits your spectral bag of meat with a +9 war axe!!
Your spectral bag of meat hits the large bag of meat but does no damage.
The bag of meat hits your spectral meat berserker with a +9 war axe!
The meat berserker hits you with a +9 battleaxe!!!!
* * * LOW HITPOINT WARNING * * *
The meat berserker hits your spectral bag of meat with a +9 battleaxe!!!
The meat berserker hits your spectral bag of meat with a +9 battleaxe!!
Your spectral bag of meat hits the bag of meat.
Your spectral bag of meat drains the bag of meat.
Your spectral large bag of meat hits the meat berserker!
Your spectral large bag of meat hits the meat berserker.
The meat berserker hits you with a +9 battleaxe!!!
You die... ############# ####oo§§§..=.... ###..OoZZ○§....... ......)Zo§##.##.## # ...ooZ)o@ZO..O.. .. .O.####OOZZ.##Z##.Oo. o.OoOoOooo.ooo..o.

#oo..O.))o.#o#o...
#.....o.)ooo......
..#....o.).o.......
.o..#.....))).......
......O.....))......
...........)......


You could see a large bag of meat (inner flame, ally target), 10 meat
berserkers, 25 bags of meat, 5 friendly spectral bags of meat, 2 friendly
spectral meat berserkers and a friendly spectral large bag of meat.

Vanquished Creatures
  3 ogres (D)
  A two-headed ogre (D)
  21 orcs (D)
25 creatures vanquished.

Notes
Turn   | Place    | Note
-------+----------+-------------------------------------------
     0 | D        | Found the +∞ Axe of Woe
     0 | D        | Kallu the Djinni Warper began the quest for the Orb.
     0 | D        | Kallu set off with the following spells memorised: Blink,
                  | Lesser Beckoning, Teleport Other, Manifold Assault, Vhi's
                  | Electric Charge.
     0 | D        | Reached XP level 1. HP: 18/18 MP: 0/0
     4 | D        | Became a worshipper of Makhleb the Destroyer
     5 | D        | Noticed a bag of meat
     5 | D        | Noticed a bag of meat
     6 | D        | Noticed a bag of meat
     6 | D        | Noticed a bag of meat
     7 | D        | Noticed a bag of meat
     8 | D        | Noticed a bag of meat
     9 | D        | Noticed a meat berserker
    10 | D        | Noticed a bag of meat
    10 | D        | Noticed a bag of meat
    10 | D        | Noticed a bag of meat
    10 | D        | Noticed a bag of meat
    11 | D        | Noticed a bag of meat
    11 | D        | Noticed a bag of meat
    11 | D        | Noticed a bag of meat
    11 | D        | Noticed a bag of meat
    11 | D        | Noticed a bag of meat
    11 | D        | Noticed a bag of meat
    11 | D        | Noticed a bag of meat
    11 | D        | Noticed a bag of meat
    11 | D        | Noticed a meat berserker
    12 | D        | Killed a meat berserker
    12 | D        | Killed a bag of meat
    12 | D        | Reached * piety under Makhleb
    12 | D        | Noticed a meat berserker
    12 | D        | Noticed a bag of meat
    12 | D        | Noticed a bag of meat
    12 | D        | Noticed a bag of meat
    12 | D        | Noticed a bag of meat
    13 | D        | Reached skill level 15 in Fighting
    13 | D        | Reached skill level 15 in Spellcasting
    13 | D        | Reached skill level 15 in Conjurations
    13 | D        | Reached skill level 15 in Hexes
    13 | D        | Reached skill level 15 in Summonings
    13 | D        | Reached skill level 15 in Necromancy
    13 | D        | Reached skill level 15 in Translocations
    13 | D        | Reached skill level 15 in Fire Magic
    13 | D        | Reached skill level 15 in Ice Magic
    13 | D        | Reached skill level 15 in Air Magic
    13 | D        | Reached skill level 15 in Earth Magic
    13 | D        | Reached skill level 15 in Alchemy
    13 | D        | Reached XP level 2. HP: 2/43 MP: 0/0
    13 | D        | Reached XP level 3. HP: 2/49 MP: 0/0
    13 | D        | Learned a level 1 spell: Freeze
    13 | D        | Reached XP level 4. HP: 3/55 MP: 0/0
    13 | D        | Reached XP level 5. HP: 3/60 MP: 0/0
    13 | D        | Learned a level 2 spell: Call Imp
    13 | D        | Reached XP level 6. HP: 4/67 MP: 0/0
    13 | D        | Reached XP level 7. HP: 4/72 MP: 0/0
    13 | D        | Learned a level 3 spell: Fugue of the Fallen
    13 | D        | Reached XP level 8. HP: 4/78 MP: 0/0
    13 | D        | Reached XP level 9. HP: 5/84 MP: 0/0
    13 | D        | Learned a level 4 spell: Olgreb's Toxic Radiance
    13 | D        | Reached XP level 10. HP: 5/90 MP: 0/0
    13 | D        | Reached XP level 11. HP: 5/95 MP: 0/0
    13 | D        | Learned a level 4 spell: Animate Dead
    13 | D        | Reached XP level 12. HP: 6/102 MP: 0/0
    13 | D        | Reached XP level 13. HP: 6/107 MP: 0/0
    13 | D        | Learned a level 5 spell: Silence
    13 | D        | Noticed a bag of meat
    13 | D        | Noticed a bag of meat
    13 | D        | Noticed a bag of meat
    13 | D        | Noticed a bag of meat
    13 | D        | Noticed a bag of meat
    13 | D        | Killed a bag of meat
    13 | D        | Killed a bag of meat
    13 | D        | Killed a bag of meat
    13 | D        | Reached ** piety under Makhleb
    13 | D        | Killed a bag of meat
    13 | D        | Killed a bag of meat
    13 | D        | Killed a bag of meat
    13 | D        | Reached *** piety under Makhleb
    13 | D        | Noticed a bag of meat
    13 | D        | Noticed a bag of meat
    13 | D        | Noticed a meat berserker
    14 | D        | Reached XP level 14. HP: 111/123 MP: 0/0
    14 | D        | Reached XP level 15. HP: 116/129 MP: 0/0
    14 | D        | Learned a level 6 spell: Death Channel
    14 | D        | Noticed a large bag of meat
    15 | D        | Reached **** piety under Makhleb
    15 | D        | Noticed a large bag of meat
    16 | D        | Reached XP level 16. HP: 88/140 MP: 0/0
    16 | D        | Noticed a meat berserker
    17 | D        | Reached XP level 17. HP: 136/149 MP: 0/0
    17 | D        | Learned a level 6 spell: Starburst
    17 | D        | Reached ***** piety under Makhleb
    17 | D        | Noticed a meat berserker
    17 | D        | Noticed a meat berserker
    17 | D        | Noticed a meat berserker
    18 | D        | Reached skill level 27 in Axes
    18 | D        | Noticed a meat berserker
    19 | D        | Reached skill level 27 in Spellcasting
    19 | D        | Reached skill level 27 in Conjurations
    19 | D        | Reached skill level 27 in Hexes
    19 | D        | Reached skill level 27 in Summonings
    19 | D        | Reached skill level 27 in Necromancy
    19 | D        | Reached skill level 27 in Translocations
    19 | D        | Reached skill level 27 in Fire Magic
    19 | D        | Reached skill level 27 in Ice Magic
    19 | D        | Reached skill level 27 in Air Magic
    19 | D        | Reached skill level 27 in Earth Magic
    19 | D        | Reached skill level 27 in Alchemy
    21 | D        | Noticed a meat berserker
    21 | D        | Noticed a meat berserker
    22 | D        | Killed a large bag of meat
    23 | D        | Reached skill level 27 in Fighting
    23 | D        | Reached skill level 10 in Dodging
    23 | D        | Reached skill level 10 in Unarmed Combat
    23 | D        | Reached XP level 18. HP: 32/167 MP: 0/0
    23 | D        | Killed a meat berserker
    23 | D        | Killed a meat berserker
    23 | D        | Reached ****** piety under Makhleb
    23 | D        | Noticed a meat berserker
    23 | D        | Noticed a meat berserker
    23 | D        | Slain by a meat berserker

Illustrated notes

Levels and vault maps discovered:
D:        meatsprint

Skill      XL: |  1  2  3  4  5  6  7  8  9 10 11 12 13 14 15 16 17 |
---------------+----------------------------------------------------+-----
Fighting       | 15 19 21 22 27 | 27.0
Axes           | 18 22 24 26 27 | 27.0
Spellcasting   | 15 20 22 24 27 | 27.0
Conjurations   | 15 20 22 24 27 | 27.0
Hexes          | 15 20 22 24 27 | 27.0
Summonings     | 15 20 22 24 27 | 27.0
Necromancy     | 15 20 22 24 27 | 27.0
Translocations | 15 20 22 24 27 | 27.0
Fire Magic     | 15 20 22 24 27 | 27.0
Ice Magic      | 15 20 22 24 27 | 27.0
Air Magic      | 15 20 22 24 27 | 27.0
Earth Magic    | 15 20 22 24 27 | 27.0
Alchemy        | 15 20 22 24 27 | 27.0
Throwing       | 3 |  3.3
Armour         | 7 |  7.1
Dodging        | 10 | 10.3
Unarmed Combat | 10 | 10.3

Action                     |  1- 3 |  4- 6 |  7- 9 | 10-12 | 13-15 | 16-18 || total
---------------------------+-------+-------+-------+-------+-------+-------++-------
  Melee: Executioner's axe |     1 |       |       |       |     5 |     5 ||    11
   Cast: Vhi's Electric Ch |       |       |       |       |     1 |     3 ||     4
         Death Channel     |       |       |       |       |     1 |       ||     1
         Manifold Assault  |       |       |       |       |     1 |       ||     1
 Armour: Leather armour    |     1 |       |       |       |     3 |     7 ||    11
  Dodge: Dodged            |       |       |       |       |       |     1 ||     1
